 Dungeon Crawl Stone Soup version 0.31.0-12-g77e489cdc1 (webtiles) character file.

Game seed: 12281844007038469567

16 Silvore the Trooper (level 2, -2/24 HPs)
             Began as a Demonspawn Fighter on Feb 14, 2024.
             Slain by Sigmund
             ... wielding a +0 scythe
              (9 damage)
             ... on level 2 of the Dungeon.
             The game lasted 00:01:05 (836 turns).

Silvore the Trooper (Demonspawn Fighter)             Turns: 836, Time: 00:01:05

Health: -2/24      AC:  9    Str: 16    XL:     2   Next: 41%
Magic:  2/2        EV:  7    Int:  8    God:
Gold:   44         SH:  4    Dex: 12    Spells: 1/1 levels left

rFire   . . .        a - +1 long sword
rCold   . . .        c - +0 buckler
rNeg    . . .        m - +0 chain mail
rPois   .            (helmet restricted)
rElec   .            (no cloak)
rCorr   .            (no gloves)
SInv    .            (no boots)
Will    .....        (no amulet) Stlth
                     (no ring)
HPRegen 0.24/turn    (no ring)
MPRegen 0.08/turn

%: no passive effects
@: mighty
A: antennae 1
a: no special abilities


You were on level 2 of the Dungeon.
You visited 1 branch of the dungeon, and saw 2 of its levels.

You collected 44 gold pieces.

Inventory:

Hand Weapons
 a - a +1 long sword (weapon)
Armour
 b - a +0 scale mail
 c - a +0 buckler (worn)
 m - a +0 chain mail (worn)
Jewellery
 h - a ring of flight
Wands
 i - a wand of paralysis (12)
Scrolls
 e - a scroll of enchant armour {unknown}
 g - a scroll of fog
Potions
 f - a potion of cancellation {unknown}
 j - 2 potions of mutation {unknown}


   Skills:
 + Level 3.2 Fighting
 + Level 1.8 Long Blades
 + Level 3.0 Armour
 + Level 0.1 Dodging
 + Level 2.9 Shields


You had one spell level left.
You didn't know any spells.
Your spell library contained the following spells:

 Spells                   Type           Power      Damage    Failure   Level
 Summon Ice Beast         Ice/Summ       0%         N/A       100%        3
 Summon Mana Viper        Hex/Summ       0%         N/A       100%        5
 Monstrous Menagerie      Summ           0%         N/A       100%        7


Dungeon Overview and Level Annotations

Branches:
Dungeon (2/15)

Altars:

Annotations:
D:2 Sigmund


Innate Abilities, Weirdness & Mutations

You have a pair of small antennae on your head.


Message History

The bat closely misses you.
The frilled lizard bites you but does no damage.
You block Sigmund's attack.
You miss the frilled lizard. The bat hits you. The bat barely misses you.
You block the frilled lizard's attack. Sigmund hits you but does no damage.
Unknown command.
You feel very mighty all of a sudden. You block the bat's attack.
The frilled lizard closely misses you. The bat hits you but does no damage.
You slice the bat!!
You kill the bat!
Sigmund hits you from afar with a +0 scythe.
The frilled lizard bites you but does no damage.
You block the frilled lizard's attack.
Sigmund's eyes start glowing with a red light.
Sigmund hits you but does no damage.
You closely miss Sigmund.
The frilled lizard bites you but does no damage.
Sigmund hits you but does no damage.
You hit Sigmund.
Sigmund is lightly wounded.
You block the frilled lizard's attack. Sigmund casts a spell at you.
The magic dart hits you.
The frilled lizard bites you but does no damage.
You closely miss Sigmund.
Sigmund is lightly wounded.
Sigmund points at you and mumbles some strange words.
The puff of flame hits you.
The frilled lizard bites you but does no damage.
You hit Sigmund.
Sigmund is moderately wounded.
Sigmund hits you with a +0 scythe!
* * * LOW HITPOINT WARNING * * *
The frilled lizard bites you but does no damage.
You closely miss Sigmund.
Sigmund is moderately wounded.
Sigmund hits you with a +0 scythe!
You die...
Sigmund begins carving another notch in his scythe.

#.....# #.....#
#.....# #.....#
###.### #.....#
.....######.....#
...#.......##.#####
##..#.......##.#
#.............# #
.......##..##........
......@@l....##.#.##
## ......##.##..# #
.# #######.##.##..#
.#
####..........##..#
.#
#....#...?..#..#...
.#
#.##...........#....
.####.##..#....#....
......##..........##
.####.#....#..#.


You could see Sigmund and a frilled lizard.

Vanquished Creatures
  3 bats
  A giant cockroach (D:2)
  2 hobgoblins
  A quokka (D:1)
  4 ball pythons
  2 frilled lizards (D:1)
  2 kobolds (D:1)
  2 rats (D:1)
17 creatures vanquished.

Notes
Turn   | Place    | Note
-------+----------+-------------------------------------------
     0 | D:1      | Silvore the Demonspawn Fighter began the quest for the Orb.
     0 | D:1      | Reached XP level 1. HP: 18/18 MP: 1/1
    96 | D:1      | You fall into a shaft and drop 1 floor!
   459 | D:1      | Gained mutation: You have a pair of small antennae on your
                  | head. [demonic ancestry]
   459 | D:1      | Reached XP level 2. HP: 23/24 MP: 2/2
   823 | D:2      | Noticed Sigmund
   836 | D:2      | Slain by Sigmund

Illustrated notes

Levels and vault maps discovered:
D:1:      mrwooster_arrival_statue_3, layout_loops_cross, minivault_25
D:2:      layout_loops_cross, minmay_misc_feat_more_columns, uniq_sigmund

Skill      XL: |  1  2 |
---------------+-------+-----
Armour         | 3 |  3.0
Fighting       | |  3.2
Long Blades    | |  1.8
Dodging        | |  0.1
Shields        | |  2.9

Action                     || total
---------------------------++-------
  Melee: Long sword        ||    80
    Use: Scroll            ||     6
         Potion            ||     1
 Armour: Scale mail        ||    36
         Chain mail        ||    64
  Dodge: Dodged            ||    43
  Block: Buckler           ||    34
